 Dungeon Crawl Stone Soup version 0.23.0-3-gf3c87f2 (webtiles) character file.

Game seed: 2597089537155199757

133 Kurtz the Chopper (level 4, 0/35 HPs)
             Began as a Mummy Chaos Knight on Feb 24, 2019.
             Was a Plaything of Xom.
             Slain by a phantom (4 damage)
             ... on level 5 of the Dungeon.
             The game lasted 00:00:59 (1071 turns).

Kurtz the Chopper (Mummy Chaos Knight)              Turns: 1071, Time: 00:00:59

Health: 0/35       AC:  6    Str: 16    XL:     4   Next: 93%
Magic:  4/4        EV: 11    Int: 11    God:    Xom [..*...]
Gold:   85         SH:  0    Dex: 11    Spells: 3/3 levels left

rFire    . . .     SeeInvis .   a - +0 hand axe (chaos)
rCold    . . .     Gourm    .   (no shield)
rNeg     + + +     Faith    .   b - +2 leather armour
rPois    ∞         Spirit   .   (no helmet)
rElec    .         Reflect  .   (no cloak)
rCorr    .         Harm     .   j - +0 pair of gloves
MR       .....                  (no boots)
Stlth    +.........             (no amulet)
HPRegen  0.11/turn              h - ring of fire
MPRegen  0.09/turn              (no ring)

@: no status effects
A: no food or potions, fire vulnerability, cold resistance 1, negative energy
resistance 3, torment resistance, unbreathing
a: Renounce Religion


You were on level 5 of the Dungeon.
You worshipped Xom.
You were a toy of Xom.
You were not hungry.

You visited 1 branch of the dungeon, and saw 5 of its levels.

You collected 85 gold pieces.

Inventory:

Hand Weapons
 a - a +0 hand axe of chaos (weapon)
Armour
 b - a +2 leather armour (worn)
 j - a +0 pair of gloves (worn)
Jewellery
 h - a ring of fire (left hand)
Wands
 f - a wand of disintegration (14)
Scrolls
 c - a scroll of random uselessness {unknown}
 d - 2 scrolls of identify {unknown}
 e - 4 scrolls of remove curse {unknown}
 g - a scroll of fear {unknown}
 i - a scroll of magic mapping {unknown}


   Skills:
 - Level 3.0 Fighting
 * Level 4.7 Axes
 - Level 1.5 Armour
 - Level 0.7 Dodging


You had 3 spell levels left.
You didn't know any spells.
Your spell library was empty.

Dungeon Overview and Level Annotations

Branches:
Dungeon (5/15)
 Temple: D:4-7

Altars:
Elyvilon
Zin

Shops:
D:4 *


Innate Abilities, Weirdness & Mutations

You do not eat or drink.
Your flesh is vulnerable to fire.
You are immune to poison.
Your flesh is cold resistant. (rC+)
You are immune to negative energy. (rN+++)
You are immune to unholy pain and torment.
You can survive without breathing.


Message History

A phantom is nearby!
A phantom is nearby!
You closely miss the phantom.
The phantom is moderately damaged.
The phantom hits you.
Your frilled lizard zombie bites the phantom but does no damage.
The phantom hits you.
You barely miss the phantom.
The phantom is moderately damaged.
Your frilled lizard zombie completely misses the phantom.
The phantom hits you!
* * * LOW HITPOINT WARNING * * *
You hit the phantom. You burn the phantom.
The phantom is heavily damaged.
Your frilled lizard zombie barely misses the phantom.
The phantom barely misses you.
Your frilled lizard zombie closely misses the phantom.
The phantom hits you.
You die...
Xom bursts into laughter!

.. ..............
....... ..............
.... ..# #...........#.
..... ...
####..#.....##
.....###.####...#.....#
....... ...#....#..####
.......###.#..#.....#
......>.......#.....#
.......@....#...#####
.......W....##..##
###.....Z....#...#
###.......###..#
#.....### #### #.....##
#....## #....# #....


You could see a phantom and a friendly frilled lizard zombie.

Vanquished Creatures
  A hound (D:4)
  3 gnolls (D:3)
  3 adders (D:3)
  An adder skeleton (D:5)
  A dart slug (D:3)
  4 orcs (D:3)
  2 hobgoblins (D:3)
  A quokka (D:4)
  2 frilled lizards
  A rat (D:3)
19 creatures vanquished.

Vanquished Creatures (collateral kills)
  A crimson imp (D:5)
1 creature vanquished.

Grand Total: 20 creatures vanquished

Notes
Turn   | Place    | Note
-------+----------+-------------------------------------------
     0 | D:1      | Kurtz the Mummy Chaos Knight began the quest for the Orb.
     0 | D:1      | Reached XP level 1. HP: 18/18 MP: 1/1
    58 | D:2      | Found a white marble altar of Elyvilon.
   234 | D:3      | XOM: potion effect (curing)
   239 | D:3      | Reached XP level 2. HP: 16/24 MP: 2/2
   241 | D:3      | Reached skill level 3 in Axes
   378 | D:3      | XOM: potion effect (curing)
   389 | D:3      | XOM: potion effect (curing)
   395 | D:3      | XOM: silly message
   401 | D:3      | Reached XP level 3. HP: 11/29 MP: 3/3
   728 | D:3      | Reached skill level 4 in Axes
   841 | D:3      | Reached XP level 4. HP: 30/35 MP: 4/4
   883 | D:4      | Found Zin's Purification Station.
   889 | D:4      | Found a glowing silver altar of Zin.
   949 | D:5      | Entered Level 5 of the Dungeon
   995 | D:5      | XOM: cast spell 'Call Canine Familiar'
   999 | D:5      | XOM: smoke on damage
  1058 | D:5      | Noticed a phantom
  1071 | D:5      | Slain by a phantom

Skill      XL: |  1  2  3 |
---------------+----------+-----
Axes           | 3 4 |  4.7
Fighting       | |  3.0
Armour         | |  1.5
Dodging        | |  0.7

Action                   |  1- 3 |  4- 6 || total
-------------------------+-------+-------++-------
Melee: Hand axe          |    57 |    28 ||    85
 Stab: Petrifying        |     1 |       ||     1
       Petrified         |     1 |       ||     1
Armor: Leather armour    |    16 |     9 ||    25
Dodge: Dodged            |    41 |    11 ||    52
